 Dungeon Sprint DCSS version 0.27-a0-1202-ge72e49191c (webtiles) character file.

Game seed: 13832223369982101443

35 mhtbhm the Digger (level 3, -2/19 HPs)
             Began as a Deep Elf Earth Elementalist on June 2, 2021.
             Was a Believer of Vehumet.
             Slain by Pikel
             ... wielding a +2 whip of freezing
              (4 damage)
             ... in the Dungeon (Sprint VII: "The Pits").
             The game lasted 00:02:03 (1054 turns).

mhtbhm the Digger (Deep Elf Earth Elementalist)     Turns: 1054, Time: 00:02:04

Health: -2/19      AC:  2    Str:  5    XL:     3   Next: 17%
Magic:  5/11       EV: 13    Int: 20    God:    Vehumet [**....]
Gold:   0          SH:  0    Dex: 15    Spells: 6/12 levels left

rFire    . . .     SeeInvis .   l - +2 quarterstaff
rCold    . . .     Faith    .   (shield currently unavailable)
rNeg     . . .     Spirit   .   c - +0 robe
rPois    .         Reflect  .   (no helmet)
rElec    .         Harm     .   (no cloak)
rCorr    .         Rampage  .   (no gloves)
Will     .....     NoTele   +   (no boots)
Stlth    +.........             (no amulet)
HPRegen  0.06/turn              (no ring)
MPRegen  0.12/turn              (no ring)

@: confused
A: no striking features
a: Renounce Religion


You were in the Dungeon.
You worshipped Vehumet.
Vehumet was pleased with you.
You visited 1 branch

Inventory:

Hand Weapons
 l - a +2 quarterstaff (weapon)
Missiles
 b - 8 stones
Armour
 c - a +0 robe (worn)
Scrolls
 i - a scroll of blinking
 j - 5 scrolls of amnesia
 k - a scroll of summoning
Potions
 a - 2 potions of invisibility
 g - 4 potions of magic
 h - 3 potions of berserk rage


   Skills:
 + Level 3.2 Dodging
 + Level 3.3 Stealth
 + Level 5.4 Spellcasting
 + Level 1.2 Transmutations
 + Level 6.0 Earth Magic


You had 6 spell levels left.
You knew the following spells:

 Your Spells              Type           Power      Damage    Failure   Level
a - Sandblast             Erth           58%        2d13      1%          1
b - Passwall              Tmut/Erth      15%        N/A       3%          2
c - Stone Arrow           Conj/Erth      34%        3d9       10%         3

Your spell library contained the following spells:

 Spells                   Type           Power      Damage    Failure   Level
 Dazzling Flash           Conj/Hex       10%        N/A       32%         3
 Petrify                  Tmut/Erth      19%        N/A       26%         4
 Lee's Rapid Deconstruct  Erth           14%        3d10*     26%         5


Dungeon Overview and Level Annotations

Branches:
Dungeon (1/1)

Altars:
Ashenzari
Cheibriados
Dithmenos
Elyvilon
Fedhas
Gozag
Hepliaklqana
Kikubaaqudgha
Makhleb
Nemelex Xobeh
Okawaru
Qazlal
Ru
Sif Muna
Trog
Uskayaw
Vehumet
Wu Jian
Xom
Yredelemnul
Zin
The Shining One
Beogh
Jiyva
Lugonu

Annotations:
D Pikel


Message History

Pikel is almost dead.
Unknown command.
Unknown command.
Casting: Sandblast (safe; 1% risk of failure)
Confirm with . or Enter, or press ? or * to list all spells.
Aiming: Sandblast (safe; 1% risk of failure)
Press: ? - help, Shift-Dir - straight line, f/p - Pikel
Aim: Pikel, wielding a +2 whip of freezing, wearing a +0 robe and carrying a wand of charming (11) (almost dead, 76% to hit)
The blast of sand hits Pikel but does no damage.
Pikel is almost dead.
Pikel zaps a wand.
Your will is overpowered!
You are confused.
Unknown command.
You're too confused to cast spells.
Unknown command.
You feel better.
Pikel zaps a wand.
Your will is overpowered!
You are confused.
You're too confused to cast spells.
Okay, then.
Unknown command.
You bump into the metal wall.
Pikel zaps a wand.
Your will is overpowered!
You are more confused.
Pikel zaps a wand.
Your will is overpowered!
You are more confused.
A lemure comes into view.
The lemure shouts!
You bump into the metal wall.
Pikel completely misses you.
Pikel hits you with a +2 whip of freezing.
Pikel freezes you.
You bump into the metal wall.
Pikel zaps a wand.
You resist with some effort.
Pikel zaps a wand.
Your will is overpowered!
You are more confused.
The lemure barely misses you. Pikel completely misses you.
The lemure completely misses you.
Pikel hits you with a +2 whip of freezing!
Ouch! That really hurt!
* * * LOW HITPOINT WARNING * * *
Pikel freezes you.
You die...

############ #_________.#
#_________.#
#_______...###########++#
##########'##..5.........
#.?..')))'.##..K...#..#..
##########.##..@.........
#..........)†............
#+#####'#####......#..#..
#.)#..# #............
#..'.)# ####'#####++#
#.r#### #.......# #..#
#.......# #..# #.......#
##5# #...<...#


You could see Pikel and a lemure.

Vanquished Creatures
  2 lemures (D)
  A gnoll (D)
  A river rat (D)
  An ufetubus (D)
  An adder zombie (D)
  An orc (D)
  A hobgoblin (D)
  2 jackals (D)
  A ball python (D)
  A kobold (D)
12 creatures vanquished.

Notes
Turn   | Place    | Note
-------+----------+-------------------------------------------
     0 | D        | mhtbhm the Deep Elf Earth Elementalist began the quest for
                  | the Orb.
     0 | D        | Reached XP level 1. HP: 10/10 MP: 6/6
    11 | D        | Reached skill level 4 in Earth Magic
    11 | D        | Reached XP level 2. HP: 15/15 MP: 4/8
   112 | D        | Found a bloodstained altar of Trog.
   112 | D        | Found a shimmering blue altar of Sif Muna.
   112 | D        | Found a viscous altar of Jiyva.
   112 | D        | Found a hazy altar of Hepliaklqana.
   112 | D        | Found an opulent altar of Gozag.
   113 | D        | Found a glowing golden altar of the Shining One.
   113 | D        | Found a glowing silver altar of Zin.
   113 | D        | Found a basalt altar of Yredelemnul.
   113 | D        | Found a shimmering altar of Xom.
   113 | D        | Found an ornate altar of the Wu Jian Council.
   113 | D        | Found a sacrificial altar of Ru.
   113 | D        | Found a stormy altar of Qazlal.
   113 | D        | Found an iron altar of Okawaru.
   113 | D        | Found a sparkling altar of Nemelex Xobeh.
   113 | D        | Found a burning altar of Makhleb.
   113 | D        | Found a blossoming altar of Fedhas.
   113 | D        | Found a white marble altar of Elyvilon.
   113 | D        | Found a shadowy altar of Dithmenos.
   113 | D        | Found a snail-covered altar of Cheibriados.
   115 | D        | Found a radiant altar of Vehumet.
   115 | D        | Found a corrupted altar of Lugonu.
   116 | D        | Found a hide-covered altar of Uskayaw.
   116 | D        | Found an ancient bone altar of Kikubaaqudgha.
   116 | D        | Found a broken altar of Ashenzari.
   125 | D        | Became a worshipper of Vehumet
   130 | D        | Learned a level 2 spell: Passwall
   175 | D        | Reached skill level 5 in Earth Magic
   253 | D        | Reached * piety under Vehumet
   253 | D        | Offered knowledge of Shock by Vehumet.
   371 | D        | Noticed a lemure
   394 | D        | Killed a lemure
   657 | D        | Offered knowledge of Poisonous Vapours by Vehumet.
   657 | D        | Reached ** piety under Vehumet
   657 | D        | Noticed a lemure
   695 | D        | Killed a lemure
   953 | D        | Noticed a lemure
   970 | D        | Reached skill level 5 in Spellcasting
   970 | D        | Reached skill level 6 in Earth Magic
   970 | D        | Reached XP level 3. HP: 19/19 MP: 5/11
   974 | D        | Learned a level 3 spell: Stone Arrow
   974 | D        | Offered knowledge of Dazzling Flash by Vehumet.
  1034 | D        | Noticed Pikel
  1043 | D        | Noticed a lemure
  1054 | D        | Slain by Pikel

Illustrated notes

Levels and vault maps discovered:
D:        pitsprint [storerooms_1, entrance_room_1, metal_vault_1, armoury_3,
          mini_pit_1, grid_room_1, main_hall_1, silver_pit, the_coven_3,
          the_vestibule_1, steel_vault_3, golden_pit, hallway_of_sentries,
          crystal_vault_4, iron_vault_4, final_vault]

Skill      XL: |  1  2 |
---------------+-------+-----
Earth Magic    | 4 6 |  6.0
Stealth        | 3 |  3.3
Dodging        | 3 |  3.2
Spellcasting   | 5 |  5.4
Transmutations | |  1.2

Action                   || total
-------------------------++-------
 Cast: Sandblast         ||    32
       Stone Arrow       ||     2
  Use: Potion            ||     3
Armor: Robe              ||     2
Dodge: Dodged            ||     8

Table legend: (Time is in decaauts)
 A = Elapsed time spent in this place.
 B = Non-inter-level travel time spent in this place.
 C = Inter-level travel time spent in this place.
 D = Time resting spent in this place.
 E = Time spent auto-exploring this place.
 F = Levels seen in this place.
 G = Mean time per level.
                   A        B        C        D        E       F      G
               +--------+--------+--------+--------+--------+-----+--------+
         Total |   1033 |   1033 |      0 |    828 |      0 |   1 | 1033.0 |
       Dungeon |   1033 |   1033 |      0 |    828 |      0 |   1 | 1033.0 |
               +--------+--------+--------+--------+--------+-----+--------+

Top non-repeatable levels by time:
       D: 1033 daAuts
